 Dungeon Crawl Stone Soup version 0.26-a0-597-gb535b0901c (webtiles) character file.

Game seed: 9444080871289774087

10695 Apogee the Cleaver (level 11, -8/133 (135) HPs)
             Began as a Human Berserker on Sept 12, 2020.
             Was a High Priest of Trog.
             Killed from afar by a gargoyle (13 damage)
             ... with a stone arrow
             ... on level 11 of the Dungeon.
             The game lasted 00:12:12 (11360 turns).

Apogee the Cleaver (Human Berserker)               Turns: 11360, Time: 00:12:13

HP:   -8/133 (135)  AC: 19    Str: 20    XL:     11   Next: 97%
MP:   11/11         EV:  7    Int:  8    God:    Trog [*****.]
Gold: 413           SH:  0    Dex: 13    Spells: 10/10 levels left

rFire    . . .     SeeInvis +   e - +4 broad axe (flame)
rCold    . . .     Faith    .   (no shield)
rNeg     . . .     Spirit   .   N - +0 plate armour
rPois    .         Reflect  .   k - +2 hat {SInv}
rElec    .         Harm     .   (no cloak)
rCorr    .                      m - +0 pair of gloves
MR       .....                  j - +0 pair of boots
Stlth    ..........             J - amulet of the acrobat
HPRegen  0.32/turn              (no ring)
MPRegen  0.12/turn              z - ring of see invisible

@: berserking, very quick
A: no striking features
a: Berserk, Trog's Hand, Brothers in Arms, Renounce Religion


You were on level 11 of the Dungeon.
You worshipped Trog.
Trog was extremely pleased with you.
You visited 1 branch of the dungeon, and saw 11 of its levels.
You also visited: Sewer.

You collected 577 gold pieces.
You spent 164 gold pieces at shops.

Inventory:

Hand Weapons
 a - a +0 hand axe
 e - a +4 broad axe of flaming (weapon)
   (Trog gifted it to you on level 8 of the Dungeon)
 r - a +1 hand axe of electrocution
   (You took it off a wight on level 6 of the Dungeon)
 M - a +0 broad axe
   (You took it off an orc warrior on level 8 of the Dungeon)
Armour
 b - the +4 leather armour of the Hare {*Drain rElec MR+ Slay+2}
   (You found it on level 8 of the Dungeon)

   It affects your accuracy and damage with ranged weapons and melee attacks
   (+2).
   It insulates you from electricity.
   It affects your resistance to hostile enchantments.
   It causes draining when unequipped.
 j - a +0 pair of boots (worn)
   (You found it on level 1 of the Dungeon)
 k - a +2 hat of see invisible (worn)
   (You found it on level 1 of the Dungeon)
 m - a +0 pair of gloves (worn)
   (You found it on level 1 of the Dungeon)
 N - a +0 plate armour (worn)
   (You took it off an orc warrior on level 8 of the Dungeon)
Jewellery
 z - a ring of see invisible (right hand)
   (You found it on level 7 of the Dungeon)
 J - an amulet of the acrobat (around neck)
   (You found it on level 7 of the Dungeon)
Wands
 c - a wand of disintegration (7)
   (You found it on level 5 of the Dungeon)
 d - a wand of iceblast (18)
   (You found it on level 6 of the Dungeon)
 h - a wand of enslavement (8)
   (You took it off an orc on level 8 of the Dungeon)
 v - a wand of digging (5)
   (You found it on level 3 of the Dungeon)
 x - a wand of acid (9)
   (You found it on level 5 of the Dungeon)
 L - a wand of polymorph (5)
   (You found it on level 10 of the Dungeon)
Scrolls
 f - 3 scrolls of vulnerability {!r}
 g - 10 scrolls of teleportation {@r4}
 i - a scroll of fog {unknown}
 n - 2 scrolls of enchant weapon {unknown}
 p - 3 scrolls of noise {unknown}
 s - 6 scrolls of remove curse {@r2}
 u - 3 scrolls of enchant armour
 B - 2 scrolls of fear
 E - a scroll of amnesia {unknown}
 F - 2 scrolls of magic mapping {unknown}
 G - 3 scrolls of immolation {unknown}
 I - a scroll of identify {@r1}
Potions
 l - 4 potions of magic
 o - 2 potions of mutation {!q}
 q - a potion of invisibility {unknown}
 t - a potion of curing {unknown}
 w - a potion of stabbing {unknown}
 y - a potion of flight {unknown}
 A - 3 potions of heal wounds {@q2}
 C - 3 potions of might
 D - 2 potions of haste {unknown}
 H - a potion of cancellation {unknown}
 K - 2 potions of degeneration {unknown}
 O - a potion of lignification {unknown}


   Skills:
 + Level 9.9 Fighting
 + Level 12.4 Axes
 + Level 9.7 Armour
 - Level 2.0 Dodging


You had 10 spell levels left.
You didn't know any spells.
Your spell library was empty.

Dungeon Overview and Level Annotations

Branches:
Dungeon (11/15)            Temple (0/1) D:6            Lair (0/6) D:10
    Orc (0/2) D:10          Sewer (visited)

Altars:
Ashenzari
Cheibriados
Dithmenos
Elyvilon
Hepliaklqana
Makhleb
Nemelex Xobeh
Okawaru
Qazlal
Sif Muna
Wu Jian
Xom
Yredelemnul

Shops:
D:8 ?


Message History

You hit the yak but do no damage. The yak gores you but does no damage.
The yak barely misses you.
You slice the yak!! You burn the yak!
You kill the yak!
Trog accepts your kill.
You hit the yak but do no damage. You slash the yak! You burn the yak!
The yak gores you. x2
The gargoyle hurls a stone arrow at you.
The stone arrow hits you.
You slash the yak! You burn the yak. You slash the yak! You burn the yak.
You closely miss the gargoyle. The yak gores you.
The yak gores you but does no damage.
The gargoyle hits you but does no damage.
You slice the yak!! You burn the yak.
You kill the yak!
Trog accepts your kill.
You barely miss the yak. You hit the gargoyle but do no damage.
The yak gores you but does no damage.
You slash the yak! You burn the yak!
You kill the yak!
Trog accepts your kill.
You barely miss the gargoyle. The gargoyle hits you with a +0 mace!
You hit the gargoyle but do no damage. The gargoyle barely misses you.
You hit the gargoyle but do no damage. The gargoyle hits you with a +0 mace.
You hit the gargoyle but do no damage.
The gargoyle hits you but does no damage.
You hit the gargoyle. You burn the gargoyle.
Your plate armour prevents you from hitting the gargoyle.
The gargoyle hits you with a +0 mace.
You slash the gargoyle! You burn the gargoyle.
The gargoyle hurls a stone arrow at you.
The stone arrow hits you!
* * * LOW HITPOINT WARNING * * *
You are too injured to fight recklessly!
You are too injured to fight recklessly!
You hit the gargoyle but do no damage.
The gargoyle hits you but does no damage.
You hit the gargoyle but do no damage.
The gargoyle hurls a stone arrow at you.
The stone arrow hits you!!
* * * LOW HITPOINT WARNING * * *
A red film seems to cover your vision as you go berserk!
You feel yourself moving faster!
You feel mighty!
The gargoyle hurls a stone arrow at you.
The stone arrow hits you!!
* * * LOW HITPOINT WARNING * * *
You completely miss the gargoyle.
The gargoyle hurls a stone arrow at you.
The stone arrow hits you!
You die...

... .#....
.... ......
..[.# ##.....
..... ##.....
......##....#
......#....#
......†...##
.....)9@.<.#
......#.#..#
.....
###..... ....
#....... ...
##....... ..
....... .
......#
#...#..


You could see a gargoyle.

Vanquished Creatures
  2 two-headed ogres
  An unseen horror (D:10)
  Pikel (D:4)
  An ugly thing (D:10)
  A centaur skeleton (D:10)
  A komodo dragon (D:10)
  2 trolls
  A meliai zombie (D:10)
  2 hippogriffs
  6 yaks (D:11)
  Menkaure (D:4)
  Edmund (D:5)
  7 orc warriors
  Purgy (Sewer)
  An ogre (D:9)
  A phantom (D:5)
  6 sky beasts
  A necrophage (D:10)
  5 centaurs
  A crocodile (D:9)
  A lemure (D:4)
  A big kobold (D:8)
  6 bullfrogs
  3 scorpions
  9 killer bees
  A water moccasin skeleton (D:5)
  13 wights
  3 howler monkeys
  2 bullfrog zombies
  4 hounds
  3 jellies
  9 orc priests
  4 iguanas
  Natasha (twice) (D:3)
  12 orc wizards
  9 worker ants
  A hound zombie (D:8)
  A worker ant zombie (D:6)
  4 gnolls (D:3)
  20 adders
  2 howler monkey skeletons
  4 white imps
  An ufetubus (D:5)
  2 oozes
  2 adder skeletons
  5 worms
  5 dart slugs
  8 leopard geckos
  45 orcs
  4 ball pythons
  5 giant cockroaches
  7 goblins
  6 hobgoblins
  7 jackals (D:3)
  5 quokkas
  7 bats
  7 frilled lizards
  13 kobolds
  A quokka skeleton (D:5)
  A quokka zombie (D:7)
  8 rats
296 creatures vanquished.

Vanquished Creatures (others)
  A hobgoblin (D:3)
  A rat (D:3)
  42 plants (D:10)
44 creatures vanquished.

Grand Total: 340 creatures vanquished

Notes
Turn   | Place    | Note
-------+----------+-------------------------------------------
     0 | D:1      | Apogee the Human Berserker began the quest for the Orb.
     0 | D:1      | Reached XP level 1. HP: 18/18 MP: 1/1
    96 | D:1      | You fall into a shaft and drop 1 floor!
   132 | D:2      | Found a shadowy altar of Dithmenos.
   137 | D:2      | HP: 1/27 [worm (8)]
   138 | D:2      | Reached XP level 2. HP: 2/24 MP: 2/2
   667 | D:2      | Found a snail-covered altar of Cheibriados.
   724 | D:2      | Found a shattered altar of Ashenzari.
   779 | D:2      | Reached XP level 3. HP: 28/29 MP: 3/3
  1309 | D:1      | Reached ** piety under Trog
  1827 | D:1      | Reached XP level 4. HP: 35/35 MP: 4/4
  1903 | D:3      | Reached skill level 4 in Axes
  2088 | D:3      | You fall into a shaft and drop 3 floors!
  2159 | D:6      | Noticed a bullfrog
  2159 | D:6      | Noticed a centaur
  2176 | D:6      | Killed a centaur
  2176 | D:6      | Reached XP level 5. HP: 40/42 MP: 5/5
  2180 | D:6      | Killed a bullfrog
  2180 | D:6      | Reached skill level 5 in Axes
  2180 | D:6      | Reached XP level 6. HP: 39/48 MP: 6/6
  2370 | D:6      | Reached XP level 7. HP: 30/55 MP: 7/7
  2580 | D:6      | Found an ornate altar of the Wu Jian Council.
  2704 | D:6      | Found a staircase to the Ecumenical Temple.
  2766 | D:6      | Reached skill level 6 in Axes
  2982 | D:5      | Entered Level 5 of the Dungeon
  3020 | D:5      | Reached skill level 5 in Fighting
  3020 | D:5      | Reached XP level 8. HP: 45/62 MP: 8/8
  3085 | D:5      | Reached *** piety under Trog
  3094 | D:5      | Reached skill level 7 in Axes
  3152 | D:5      | Got a bloodstained robe
  3213 | D:5      | Reached skill level 5 in Armour
  3244 | D:5      | Noticed Edmund
  3255 | D:5      | Killed Edmund
  3360 | D:5      | Found a stormy altar of Qazlal.
  3464 | D:5      | Found a glowing drain.
  3484 | Sewer    | Entered a sewer
  3633 | Sewer    | Noticed Purgy
  3641 | Sewer    | Killed Purgy
  3641 | Sewer    | Reached skill level 8 in Axes
  3641 | Sewer    | Reached XP level 9. HP: 63/69 MP: 9/9
  3815 | D:4      | Noticed Menkaure
  3822 | D:4      | Killed Menkaure
  4087 | D:4      | Noticed Pikel
  4110 | D:4      | Killed Pikel
  4110 | D:4      | Reached skill level 9 in Axes
  4196 | D:4      | Found an iron altar of Okawaru.
  4252 | D:4      | Found a sparkling altar of Nemelex Xobeh.
  4320 | D:4      | Reached **** piety under Trog
  4422 | D:4      | Found a shimmering blue altar of Sif Muna.
  4634 | D:4      | Found a hazy altar of Hepliaklqana.
  4810 | D:3      | Found a white marble altar of Elyvilon.
  4923 | D:3      | Noticed Natasha
  4934 | D:3      | Killed Natasha
  5212 | D:3      | Found a shattered altar of Ashenzari.
  5438 | D:3      | Noticed Natasha
  5443 | D:3      | Killed Natasha
  5488 | D:3      | Found a burning altar of Makhleb.
  6152 | D:7      | Found a basalt altar of Yredelemnul.
  6160 | D:7      | Reached ***** piety under Trog
  6380 | D:7      | Found a shimmering altar of Xom.
  6458 | D:7      | Found a shimmering altar of Xom.
  6458 | D:7      | Found a shimmering altar of Xom.
  6458 | D:7      | Found a shimmering altar of Xom.
  6459 | D:7      | Found a shimmering altar of Xom.
  6461 | D:7      | Found a shimmering altar of Xom.
  6461 | D:7      | Found a shimmering altar of Xom.
  6549 | D:7      | Noticed a blink frog
  6597 | D:8      | Noticed a two-headed ogre
  6616 | D:8      | Killed a two-headed ogre
  6616 | D:8      | Reached skill level 10 in Axes
  6616 | D:8      | Reached XP level 10. HP: 53/79 MP: 10/10
  7310 | D:8      | Got an encrusted leather armour
  7347 | D:8      | Identified the +4 leather armour of the Hare {*Drain rElec
                  | MR+ Slay+2} (You found it on level 8 of the Dungeon)
  7362 | D:8      | Received a gift from Trog
  7579 | D:8      | Found Tosawk Zoame's Magic Scroll Boutique.
  7583 | D:8      | Bought a scroll of vulnerability for 82 gold pieces
  7583 | D:8      | Bought a scroll of enchant armour for 82 gold pieces
  8149 | D:9      | Reached skill level 11 in Axes
  8903 | D:9      | Reached XP level 11. HP: 74/87 MP: 11/11
  9352 | D:10     | Entered Level 10 of the Dungeon
 10069 | D:10     | Found a staircase to the Orcish Mines.
 10246 | D:10     | Noticed a purple ugly thing
 10255 | D:10     | Killed a purple ugly thing
 10501 | D:10     | Noticed a two-headed ogre
 10508 | D:10     | Killed a two-headed ogre
 10508 | D:10     | Reached skill level 12 in Axes
 10988 | D:10     | Noticed an unseen horror
 10994 | D:10     | Found a staircase to the Lair.
 11006 | D:10     | Killed an unseen horror
 11359 | D:11     | HP: 4/133 [gargoyle/stone arrow (19)]
 11360 | D:11     | Killed from afar by a gargoyle

Illustrated notes

Levels and vault maps discovered:
D:1:      psy_arrival_statuary, layout_basic
D:2:      layout_basic, old_standard_altar, overflow_temple_1_default,
          minmay_fountain_box, nicolae_dithmenos_shadow_blocks
D:3:      layout_basic, elyvilon_altar_4, lemuel_crystal_altar,
          ashenzari_altar_1, uniq_natasha
D:4:      layout_loops_ring, okawaru_gym_becter, lemuel_round_altar,
          overflow_temple_1_default, led_sif_pool, uniq_pikel, uniq_menkaure
D:5:      lemuel_upstairs_altar, layout_cave_pools, cheibrodos_sewer_entry_bend,
          nicolae_qazlal_general_emergency, uniq_edmund
D:6:      layout_basic, kennysheep_little_box, temple_doors_e
D:7:      layout_basic, kennysheep_mini, xom_shifter_show
D:8:      layout_basic, serial_shops, nicolae_shop_stone
D:9:      layout_basic
D:10:     layout_loops_corners, david_lair_shrubbed, david_orc_4
D:11:     layout_cave_pools, serial_shops, shop, shop, shop, shop,
          shop_fountains, basic_altar, kennysheep_generic_room_9

Skill      XL: |  1  2  3  4  5  6  7  8  9 10 11 |
---------------+----------------------------------+-----
Axes           | 4 5 6 8 10 11 12 | 12.4
Armour         | 3 4 5 7 8 9 |  9.7
Fighting       | 4 5 7 8 9 |  9.9
Dodging        | |  2.0

Action                   |  1- 3 |  4- 6 |  7- 9 | 10-12 || total
-------------------------+-------+-------+-------+-------++-------
Melee: Hand axe          |   109 |    85 |   356 |    70 ||   620
       Broad axe         |       |       |       |   277 ||   277
Invok: Berserk           |     2 |     2 |     1 |     6 ||    11
       Trog's Hand       |       |       |       |     1 ||     1
  Use: Scroll            |       |       |       |     9 ||     9
Armor: Animal skin       |     6 |       |       |       ||     6
       Chain mail        |    52 |    46 |   182 |       ||   280
       Leather armour    |     1 |       |       |       ||     1
       Plate armour      |       |       |       |   199 ||   199
Dodge: Dodged            |    58 |    21 |   130 |   161 ||   370

Table legend: (Time is in decaauts)
 A = Elapsed time spent in this place.
 B = Non-inter-level travel time spent in this place.
 C = Inter-level travel time spent in this place.
 D = Time resting spent in this place.
 E = Time spent auto-exploring this place.
 F = Levels seen in this place.
 G = Mean time per level.
                   A        B        C        D        E       F      G
               +--------+--------+--------+--------+--------+-----+--------+
         Total |  11458 |  11056 |    402 |   1756 |   7511 |  12 |  954.8 |
       Dungeon |  11241 |  10839 |    402 |   1660 |   7436 |  11 | 1021.9 |
         Sewer |    217 |    217 |      0 |     96 |     74 |   1 |  217.0 |
               +--------+--------+--------+--------+--------+-----+--------+

Top non-repeatable levels by time:
    D:10: 2024 daAuts
     D:8: 1493 daAuts
     D:9: 1225 daAuts
     D:3: 1202 daAuts
     D:2: 1141 daAuts
     D:4: 1026 daAuts
     D:6: 939 daAuts
     D:1: 828 daAuts
     D:7: 682 daAuts
     D:5: 654 daAuts
   Sewer: 217 daAuts
    D:11: 23 daAuts
